AoeStats
← Tarco I4967

Black Forest

510093690Analyzed
4v4 RM · 4d ago on Sep 29, 2026· 62m 41s· 8 players
Game mode
Random Map
Map size
Large (8 player)
Population
200
Speed
Normal
Resources
Standard
Victory
Conquest
Starting age
Dark Age
Ending age
Imperial Age
RankedLock teamsTeams togetherTeam positionsShared explorationLock speedFull tech treeHidden civsTurbo modeCheats
Victory
Defeat
🇲🇽 Romans · Mexico
603
+15
🇦🇷 Ethiopians · Argentina
603
+15
🇦🇷 Lithuanians · Argentina
570
+16
🇨🇦 Byzantines · Canada
561
+17
🇫🇷 Inca · France
604
-18
🇨🇳 Spanish · China
592
-16
🇹🇷 Mongols · Türkiye
561
-15
🇮🇹 Teutons · Italy
545
-14
GralBambino
0:32 Loom
16:46 Feudal Age
22:40 Castle Age
21:59 Horse Collar
22:13 Double-Bit Axe
28:22 Gold Mining
29:22 Forging
29:21 Scale Mail Armor
30:46 Squires
30:07 Man-at-Arms
30:51 Long Swordsman
33:19 Ballistics
33:58 Iron Casting
33:39 Chain Mail Armor
35:41 Gold Shaft Mining
34:57 Stone Mining
36:32 Ballistas
36:48 Heavy Plow
37:05 Bow Saw
43:28 Imperial Age
43:36 Pikeman
45:27 Blast Furnace
44:54 Conscription
45:00 Heavy Scorpion
45:12 Halberdier
47:00 Wheelbarrow
48:09 Comitatenses
48:26 Legionary
50:51 Hand Cart
50:22 Town Watch
54:18 Capped Ram
56:04 Chemistry
56:03 Siege Ram
chatonbrutal
0:31 Loom
15:17 Feudal Age
20:48 Castle Age
18:56 Double-Bit Axe
30:09 Bow Saw
38:17 Imperial Age
36:39 Thumb Ring
35:55 Crossbowman
36:56 Horse Collar
37:08 Stone Mining
37:09 Gold Mining
40:17 Chemistry
39:38 Ballistics
39:00 Treadmill Crane
39:10 Guard Tower
39:06 Arrowslits
39:31 Fortified Wall
39:17 Murder Holes
39:24 Padded Archer Armor
39:14 Fletching
40:27 Wheelbarrow
41:18 Two-Man Saw
42:16 Gold Shaft Mining
42:17 Stone Shaft Mining
41:44 Heavy Plow
41:48 Pikeman
42:28 Squires
42:14 Gambesons
42:14 Arson
44:40 Crop Rotation
44:34 Leather Archer Armor
44:14 Bodkin Arrow
44:20 Scale Mail Armor
44:30 Forging
43:54 Arbalester
45:12 Elite Skirmisher
46:44 Coinage
47:06 Ring Archer Armor
47:11 Halberdier
49:16 Bracer
49:51 Iron Casting
49:32 Chain Mail Armor
49:51 Hand Cart
49:46 Scale Barding Armor
50:19 Keep
56:04 Conscription
55:58 Elite Varangian Guard
57:29 Chain Barding Armor
57:39 Plate Mail Armor
58:21 Husbandry
57:41 Heavy Camel Rider
59:29 Plate Barding Armor
61:08 Banking
60:39 Caravan
60:49 Guilds
Tarco I4967
3:58 Loom
12:59 Feudal Age
14:23 Horse Collar
15:47 Wheelbarrow
15:45 Double-Bit Axe
18:13 Town Watch
19:15 Gold Mining
19:16 Stone Mining
22:47 Fletching
23:07 Forging
23:00 Padded Archer Armor
25:07 Castle Age
26:29 Iron Casting
25:50 Bodkin Arrow
25:58 Scale Mail Armor
26:04 Squires
26:25 Heavy Plow
30:09 Bow Saw
31:25 Hand Cart
31:34 Leather Archer Armor
36:29 Imperial Age
35:46 Ballistics
39:37 Conscription
40:23 Blast Furnace
39:59 Town Patrol
40:09 Thumb Ring
39:50 Crossbowman
42:58 Bracer
43:06 Scale Barding Armor
43:32 Ring Archer Armor
43:17 Chain Mail Armor
44:08 Elite Shotel Warrior
45:34 Arbalester
49:00 Murder Holes
53:07 Capped Ram
54:15 Caravan
55:28 Plate Mail Armor
56:00 Man-at-Arms
56:02 Halberdier
Luciano24cm
5:33 Loom
8:55 Feudal Age
9:25 Double-Bit Axe
18:35 Castle Age
16:30 Horse Collar
17:36 Gold Mining
19:35 Bow Saw
24:31 Fervor
31:17 Imperial Age
29:07 Stone Mining
29:39 Heavy Plow
30:32 Wheelbarrow
29:43 Town Watch
29:44 Loom
30:47 Stone Shaft Mining
30:54 Town Patrol
31:32 Coinage
31:31 Hand Cart
31:28 Onager
33:31 Two-Man Saw
33:04 Crop Rotation
38:55 Scale Barding Armor
39:00 Forging
38:41 Fletching
38:51 Padded Archer Armor
38:13 Elite Leitis
41:59 Chain Barding Armor
42:14 Iron Casting
44:44 Fortified Wall
44:30 Murder Holes
44:46 Clinker Construction
44:47 Careening
44:48 Masonry
44:28 Guard Tower
45:39 Chemistry
45:17 Plate Barding Armor
46:19 Guilds
46:39 Banking
46:10 Caravan
47:55 Carvel Hull
48:42 Dry Dock
48:47 Hill Forts
48:47 Tower Shields
49:22 Hoardings
49:07 Conscription
50:52 Bloodlines
50:42 Husbandry
51:23 Keep
51:09 Bombard Tower
51:13 Ballistics
52:14 Heated Shot
52:05 Treadmill Crane
52:56 Architecture
58:22 Devotion
58:42 Heresy
58:27 Scale Mail Armor
58:42 Leather Archer Armor
58:23 Bodkin Arrow
58:16 Cavalier
58:16 Light Cavalry
58:19 Man-at-Arms
58:20 Pikeman
58:31 Capped Ram
60:25 Faith
60:16 Redemption
60:07 Atonement
59:43 Paladin
59:50 Long Swordsman
61:12 Theocracy
60:33 Herbal Medicine
61:40 Block Printing
61:46 Sanctity
61:52 Illumination
61:45 Chain Mail Armor
62:01 Ring Archer Armor
61:49 Bracer
61:13 Two-Handed Swordsman
harrydu13
3:57 Loom
15:42 Feudal Age
17:12 Wheelbarrow
16:29 Town Watch
16:56 Horse Collar
20:02 Fletching
22:33 Double-Bit Axe
22:39 Gold Mining
22:41 Stone Mining
32:15 Castle Age
31:07 Arson
31:29 Padded Archer Armor
31:29 Scale Mail Armor
gp.infostudio
13:59 Feudal Age
14:26 Double-Bit Axe
14:26 Horse Collar
20:34 Gold Mining
20:35 Stone Mining
24:24 Castle Age
24:51 Fletching
25:02 Padded Archer Armor
25:30 Bow Saw
25:23 Heavy Plow
26:30 Crossbowman
26:31 Elite Skirmisher
27:30 Leather Archer Armor
27:11 Bodkin Arrow
30:50 Wheelbarrow
31:07 Stone Shaft Mining
31:42 Town Watch
33:27 Hand Cart
33:42 Town Patrol
35:50 Masonry
35:51 Fortified Wall
35:32 Guard Tower
36:03 Ballistics
35:34 Heated Shot
38:30 Imperial Age
36:35 Forging
36:26 Scale Mail Armor
36:32 Scale Barding Armor
40:17 Two-Man Saw
39:56 Crop Rotation
39:57 Conscription
40:00 Ironclad
40:46 Hoardings
40:44 Elite Teutonic Knight
45:01 Redemption
44:52 Atonement
45:03 Fervor
45:14 Sanctity
44:55 Devotion
45:21 Illumination
45:12 Block Printing
45:35 Theocracy
51:29 Iron Casting
51:10 Chain Mail Armor
51:26 Ring Archer Armor
51:17 Chain Barding Armor
51:06 Siege Engineers
51:37 Keep
50:48 Arrowslits
52:04 Chemistry
51:29 Crenellations
53:49 Blast Furnace
55:11 Plate Mail Armor
54:16 Man-at-Arms
54:17 Pikeman
54:43 Gambesons
54:58 Squires
54:44 Arson
Taha Bey
14:17 Feudal Age
15:36 Horse Collar
19:57 Castle Age
21:17 Double-Bit Axe
21:36 Heavy Plow
23:47 Bow Saw
27:38 Murder Holes
28:47 Stone Mining
28:50 Gold Mining
29:40 Wheelbarrow
29:49 Fortified Wall
32:08 Hand Cart
32:07 Pikeman
32:48 Squires
32:33 Arson
32:14 Elite Skirmisher
36:39 Imperial Age
35:24 Thumb Ring
35:31 Husbandry
35:44 Bloodlines
34:56 Light Cavalry
37:29 Stone Shaft Mining
37:29 Gold Shaft Mining
37:34 Stone Shaft Mining
37:00 Elite Steppe Lancer
38:12 Conscription
37:56 Nomads
39:43 Chemistry
38:46 Padded Archer Armor
38:36 Fletching
39:38 Drill
39:08 Heavy Scorpion
40:31 Parthian Tactics
40:36 Heavy Cavalry Archer
40:38 Crossbowman
41:13 Arbalester
42:01 Elite Mangudai
46:45 Onager
51:41 Caravan
乾净
0:41 Loom
14:22 Feudal Age
19:21 Castle Age
21:01 Double-Bit Axe
21:33 Stone Mining
23:43 Horse Collar
28:10 Heavy Plow
28:26 Bow Saw
30:30 Arson
30:46 Squires
30:33 Gambesons
32:11 Bloodlines
32:01 Husbandry
32:09 Husbandry
33:57 Ballistics
33:12 Light Cavalry
33:31 Pikeman
38:16 Imperial Age
36:24 Scale Barding Armor
36:20 Scale Mail Armor
36:31 Forging
36:22 Padded Archer Armor
36:13 Fletching
38:03 Gold Mining
40:08 Chemistry
40:43 Two-Man Saw
40:51 Elite Conquistador
40:56 Hussar
41:52 Cavalier
44:30 Paladin
47:11 Capped Ram
53:08 Chain Barding Armor
53:11 Leather Archer Armor
53:24 Chain Mail Armor
53:54 Iron Casting
53:27 Bodkin Arrow
Connection lost

Rejoining the realm…

Still unreachable

The connection could not be restored.

Session expired

The server has moved on; the page needs a fresh start.